 Dungeon Crawl Stone Soup version 0.21.1-1-g345015f (console) character file.

11854 Raikon the Spear-Bearer (level 11, -6/103 HPs)
             Began as a Minotaur Gladiator on Apr 30, 2018.
             Was an Elder of Okawaru.
             Mangled by a two-headed ogre
             ... wielding a +0 giant spiked club
              (12 damage)
             ... on level 9 of the Dungeon.
             The game lasted 01:51:36 (17590 turns).

Raikon the Spear-Bearer (Minotaur Gladiator)       Turns: 17590, Time: 01:51:37

Health: -6/103     AC: 11    Str: 19    XL:     11   Next: 54%
Magic:  10/11      EV:  5    Int:  5    God:    Okawaru [****..]
Gold:   564        SH:  0    Dex: 15    Spells: 10/10 levels left

rFire    . . .     SeeInvis .   L - +2 trident (flame)
rCold    + + +     Gourm    .   (no shield)
rNeg     . . .     Faith    +   B - +1 plate armour
rPois    .         Spirit   .   c - +0 hat
rElec    +         Reflect  .   (no cloak)
rCorr    .         Harm     .   (no gloves)
MR       ++...                  (no boots)
Stlth    ..........             z - amulet "Sebbeb" {Faith rElec rC++ MR++}
HPRegen  0.27/turn              x - ring of protection from cold
MPRegen  0.12/turn              (no ring)

@: heroism, very slightly contaminated, extremely drained, invisible
A: retaliatory headbutt, horns 2
a: Heroism, Renounce Religion


You were on level 9 of the Dungeon.
You worshipped Okawaru.
Okawaru was greatly pleased with you.
You were not hungry.

You visited 2 branches of the dungeon, and saw 13 of its levels.

You collected 564 gold pieces.

Inventory:

Hand Weapons
 a - a +1 trident
 e - a +0 hand crossbow
 r - a +0 blowgun
 A - a +0 shortbow
 H - a +1 falchion of flaming
 J - a +2 hunting sling of velocity
 L - a +2 trident of flaming (weapon)
Missiles
 d - 3 throwing nets
 h - 39 poisoned needles
 i - 276 stones
 l - 107 arrows
 s - 6 needles of paralysis
 D - 110 bolts
 F - 6 tomahawks (quivered)
Armour
 b - a +0 leather armour
 c - a +0 hat (worn)
 v - a +0 scale mail
 B - a +1 plate armour (worn)
 O - a cursed -1 ring mail
Jewellery
 n - an uncursed ring of protection from cold
 x - a ring of protection from cold (left hand)
 z - the amulet "Sebbeb" (around neck) {Faith rElec rC++ MR++}
   (You found it on level 5 of the Dungeon)

   [amulet of faith]

   It allows you to gain divine favour quickly.
   It greatly protects you from cold.
   It insulates you from electricity.
   It affects your resistance to hostile enchantments.
 N - an uncursed amulet of rage
Wands
 g - a wand of iceblast (11)
 Q - a wand of acid (6)
Scrolls
 m - a scroll of teleportation
 o - 4 scrolls of remove curse
 q - 3 scrolls of brand weapon
 t - 3 scrolls of amnesia
 y - a scroll of noise
 E - a scroll of immolation
 I - 2 scrolls of identify
Potions
 k - a potion of curing
 p - a potion of ambrosia
 G - a potion of brilliance
 M - a potion of flight
Books
 K - a book of Necromancy

   Spells                             Type                      Level
   a - Pain                           Necromancy                   1
   b - Animate Skeleton               Necromancy                   1
   c - Vampiric Draining              Necromancy                   3
   d - Regeneration                   Charms/Necromancy            3
   e - Animate Dead                   Necromancy                   4
   f - Borgnjor's Vile Clutch         Necromancy/Earth             5
Miscellaneous
 C - a lamp of fire
Comestibles
 f - 11 rations


   Skills:
 * Level 11.6(0.0) Fighting
 - Level 14.0(0.0) Polearms
 + Level 3.8(0.0) Throwing
 * Level 10.9(0.0) Armour
 + Level 4.0(0.0) Dodging
 - Level 2.4(0.0) Invocations


You had 10 spell levels left.
You didn't know any spells.

Dungeon Overview and Level Annotations

Branches:
Dungeon (12/15)            Temple (1/1) D:5             Orc (0/2) D:10
   Lair: D:8-11

Altars:
Ashenzari
Cheibriados
Dithmenos
Elyvilon
Fedhas
Gozag
Hepliaklqana
Kikubaaqudgha
Makhleb
Nemelex Xobeh
Okawaru
Qazlal
Ru
Sif Muna
Trog
Uskayaw
Vehumet
Wu Jian
Xom
Yredelemnul
Zin
The Shining One

Shops:
D:8 :}:*%   D:10 [*?}

Annotations:
D:7 4 runed doors
D:11 Sonja


Innate Abilities, Weirdness & Mutations

You reflexively headbutt those who attack you in melee.
You have a pair of horns on your head.


Message History

The two-headed ogre is lightly wounded.
The two-headed ogre barely misses you. You furiously retaliate!
You headbutt the two-headed ogre!
The two-headed ogre hits you with a giant club!
You puncture the two-headed ogre! You burn the two-headed ogre.
The two-headed ogre is heavily wounded.
The two-headed ogre barely misses you.
The two-headed ogre hits you with a giant club!!
* * * LOW HITPOINT WARNING * * *
You fade into invisibility!
The two-headed ogre hits you but does no damage.
The two-headed ogre hits you with a giant club!
* * * LOW HITPOINT WARNING * * *
You are very lightly contaminated with residual magic.
There is an open door here.
You hit the two-headed ogre but do no damage.
You headbutt the two-headed ogre, but do no damage.
The two-headed ogre is heavily wounded.
The two-headed ogre barely misses you.
The two-headed ogre hits you with a giant club!
You die...

........# #..# #..## ........#
#.## ####.## ........# #.#
#.....# ........# #.# #....)#
........# #.# #####.....##
........########.#####>........#[
.....>..'..............###....)).
........########.####### #.....##
'######## #.# ##..### ..## #.#
####..## #..# #####@####
#......## ##)##### ###.....O..#
###........
...)...###.'........###........##
......<#...#........##..#......#
....)..#.###........##.##......#
.......#.# #........'..##......#
.........# #........#####......#
.......### #........# #.....)#
######## #........# ########
##########


You could see a two-headed ogre.

Vanquished Creatures
  Erica (D:10)
  2 two-headed ogres
  A slime creature (D:12)
  The ghost of RipGuy the Basher, a novice GrBe of Trog (D:6)
  A manticore (D:11)
  The ghost of Nukog the Chucker, a novice OgHu (D:5)
  A troll (D:11)
  A hippogriff (D:11)
  2 dream sheep (D:8)
  A shadow (D:11)
  The ghost of equalderp2856 the Covered, an amateur MiFi (D:3)
  8 yaks
  2 hungry ghosts (D:9)
  A steam dragon (D:10)
  The ghost of Tiareth the Conjurer, an amateur DECj (D:4)
  2 water moccasins
  An ice beast (D:6)
  12 orc warriors
  6 ogres
  3 phantoms
  2 wolves (D:11)
  A crocodile (D:10)
  7 big kobolds
  7 bullfrogs
  A gnoll sergeant (D:9)
  A wyvern skeleton (D:11)
  2 scorpions
  6 killer bees (D:9)
  2 howler monkeys (D:7)
  5 crimson imps
  A bullfrog zombie (D:11)
  2 quasits
  A centaur zombie (D:7)
  2 centaur skeletons
  11 hounds
  5 jellies
  5 orc priests
  6 orc wizards
  5 iguanas
  4 worker ants
  A hound skeleton (D:9)
  A hound zombie (D:8)
  A howler monkey zombie (D:5)
  A howler monkey skeleton (D:11)
  9 adders
  10 gnolls
  6 shadow imps
  3 oozes
  An adder skeleton (D:3)
  3 worms
  2 dart slugs (D:2)
  2 leopard geckos
  55 orcs
  8 giant cockroaches
  10 goblins
  9 hobgoblins
  19 jackals
  3 quokkas
  2 ball pythons
  3 bats
  6 frilled lizards
  26 kobolds
  8 rats
314 creatures vanquished.

Vanquished Creatures (others)
  8 plants (D:9)
8 creatures vanquished.

Grand Total: 322 creatures vanquished

Notes
Turn   | Place    | Note
-------+----------+-------------------------------------------
     0 | D:1      | Raikon the Minotaur Gladiator began the quest for the Orb.
     0 | D:1      | Reached XP level 1. HP: 18/18 MP: 0/0
   252 | D:1      | Reached XP level 2. HP: 17/25 MP: 1/1
   259 | D:1      | Reached skill level 4 in Polearms
   818 | D:2      | Reached skill level 1 in Armour
   848 | D:2      | Reached XP level 3. HP: 30/31 MP: 2/2
  1272 | D:2      | Reached XP level 4. HP: 16/38 MP: 3/3
  1505 | D:2      | Reached skill level 5 in Polearms
  2017 | D:3      | Reached XP level 5. HP: 45/46 MP: 4/4
  2461 | D:3      | Noticed equalderp2856's ghost (amateur MiFi)
  2483 | D:3      | HP: 2/46 [equalderp2856's ghost (2)]
  2488 | D:3      | Killed equalderp2856's ghost
  2488 | D:3      | Reached skill level 6 in Polearms
  2488 | D:3      | Reached XP level 6. HP: 3/53 MP: 5/5
  3631 | D:4      | Found a snail-covered altar of Cheibriados.
  3681 | D:4      | Reached skill level 5 in Fighting
  3681 | D:4      | Reached skill level 7 in Polearms
  3681 | D:4      | Reached XP level 7. HP: 42/61 MP: 6/6
  3890 | D:4      | Noticed Tiareth's ghost (amateur DECj)
  3926 | D:4      | Killed Tiareth's ghost
  4490 | D:5      | Entered Level 5 of the Dungeon
  4560 | D:5      | Found a staircase to the Ecumenical Temple.
  4613 | Temple   | Entered the Ecumenical Temple
  4818 | D:5      | Found an ancient bone altar of Kikubaaqudgha.
  4835 | D:5      | Reached skill level 8 in Polearms
  4857 | D:5      | Noticed Nukog's ghost (novice OgHu)
  4879 | D:5      | Killed Nukog's ghost
  4879 | D:5      | Reached skill level 9 in Polearms
  4879 | D:5      | Reached skill level 5 in Armour
  4879 | D:5      | Reached XP level 8. HP: 40/70 MP: 7/7
  4894 | D:5      | Found an ornate altar of the Wu Jian Council.
  5149 | D:5      | Found a glowing silver altar of Zin.
  5215 | D:5      | Found a deep blue altar of Sif Muna.
  5316 | D:5      | Found a burning altar of Makhleb.
  5432 | D:5      | Got a crude graven amulet
  5470 | D:5      | Identified the amulet "Sebbeb" {Faith rElec rC++ MR++} (You found it on level 5 of the Dungeon)
  6169 | D:6      | Reached skill level 10 in Polearms
  6424 | D:6      | Noticed RipGuy's ghost (novice GrBe)
  6455 | D:6      | Killed RipGuy's ghost
  6455 | D:6      | Reached XP level 9. HP: 39/79 MP: 8/8
  7265 | D:7      | Found a huge runed gate.
  7266 | D:7      | Noticed a polar bear
  7266 | D:7      | Found a huge runed gate.
  7266 | D:7      | Found a huge runed gate.
  7266 | D:7      | Noticed a polar bear
  7266 | D:7      | Noticed a polar bear
  7267 | D:7      | Noticed a polar bear
  7267 | D:7      | Noticed a manticore
  7268 | D:7      | Noticed a polar bear
  7482 | D:7      | Found a huge runed gate.
  7482 | D:7      | Noticed a manticore
  7482 | D:7      | Noticed a polar bear
  7871 | D:8      | Found Zigato's Book Boutique.
  7875 | D:8      | Reached skill level 11 in Polearms
  8176 | D:8      | Found an iron altar of Okawaru.
  8177 | D:8      | Found a bloodstained altar of Trog.
  8207 | D:8      | HP: 4/81 [orc warrior/club (21)]
  8348 | D:8      | Became a worshipper of Warmaster Okawaru
  8511 | D:8      | Found Erist's Assorted Antiques.
  8821 | D:8      | Found Puhigun's Book Boutique.
  8849 | D:8      | Found Hyarphoeg's Gadget Boutique.
  9020 | D:8      | Reached * piety under Okawaru
  9024 | D:8      | Reached skill level 12 in Polearms
  9040 | D:8      | Reached ** piety under Okawaru
  9040 | D:8      | Reached XP level 10. HP: 28/90 MP: 9/9
  9296 | D:8      | Noticed a three-headed hydra
  9504 | D:8      | Found Uriol's Food Shoppe.
  9677 | D:8      | Found a blossoming altar of Fedhas.
 10471 | D:9      | Reached skill level 13 in Polearms
 10529 | D:9      | Reached *** piety under Okawaru
 10774 | D:9      | Found a white marble altar of Elyvilon.
 10962 | D:9      | Reached **** piety under Okawaru
 10965 | D:9      | Noticed a two-headed ogre
 10975 | D:9      | Killed a two-headed ogre
 10975 | D:9      | Received a gift from Okawaru
 10975 | D:9      | Reached skill level 10 in Fighting
 11286 | D:10     | Entered Level 10 of the Dungeon
 11316 | D:10     | Found a staircase to the Orcish Mines.
 11358 | D:10     | Found Dufroypp's Gadget Shoppe.
 11380 | D:10     | Found Vurenum's Magic Scroll Emporium.
 11421 | D:10     | Found Kuagent's General Store.
 11498 | D:10     | Found Towuolan's Armour Shoppe.
 11559 | D:10     | Noticed a stone giant
 11606 | D:10     | Noticed a two-headed ogre
 11623 | D:10     | Killed a two-headed ogre
 11623 | D:10     | Reached ***** piety under Okawaru
 11623 | D:10     | Reached skill level 14 in Polearms
 11623 | D:10     | Reached skill level 10 in Armour
 11924 | D:10     | Noticed Erica
 11937 | D:10     | Killed Erica
 11937 | D:10     | Reached skill level 1 in Invocations
 11937 | D:10     | Reached XP level 11. HP: 90/101 MP: 7/10
 12640 | D:11     | Noticed Sonja
 12664 | D:11     | Received a gift from Okawaru
 15346 | D:11     | Noticed a four-headed hydra
 15893 | D:11     | Noticed a two-headed ogre
 17165 | D:11     | Noticed a two-headed ogre
 17586 | D:9      | HP: 5/103 [two-headed ogre/giant spiked club (10)]
 17590 | D:9      | Mangled by a two-headed ogre

Skill      XL: |  1  2  3  4  5  6  7  8  9 10 11 |
---------------+----------------------------------+-----
Polearms       | 4 5 6 7 9 10 12 14 | 14.0
Fighting       | 3 4 5 6 7 8 10 11 | 11.6
Armour         | 1 2 3 4 5 6 8 10 | 10.9
Invocations    | 1 2 |  2.4
Throwing       | 3 |  3.8
Dodging        | 4 |  4.0

Action                   |  1- 3 |  4- 6 |  7- 9 | 10-12 || total
-------------------------+-------+-------+-------+-------++-------
Melee: Trident           |    68 |   155 |   369 |   584 ||  1176
       Headbutt          |     6 |    23 |    79 |   106 ||   214
       Punch             |       |       |       |     1 ||     1
 Fire: Hunting sling     |     6 |     3 |     1 |       ||    10
       Blowgun           |       |       |       |     9 ||     9
Throw: Stone             |       |     6 |       |    15 ||    21
       Tomahawk          |       |       |     2 |    39 ||    41
Invok: Heroism           |       |       |       |     7 ||     7
  Use: Scroll            |     3 |     1 |     9 |    13 ||    26
       Potion            |     3 |     1 |     6 |     6 ||    16
 Stab: Sleeping          |     1 |       |       |       ||     1
       Invisible         |       |     6 |       |       ||     6
  Eat: Chunk             |     1 |     5 |     6 |     6 ||    18
       Ration            |       |     1 |     3 |     7 ||    11
Armor: Leather armour    |    10 |    11 |       |       ||    21
       Scale mail        |       |     6 |    20 |       ||    26
       Plate armour      |       |       |    97 |   330 ||   427
Dodge: Dodged            |    38 |    72 |    84 |   174 ||   368
